 Dungeon Crawl Stone Soup version 0.18-a0-1702-gd20c6a5 (webtiles) character file.

1786155 PowerOverwhelming the Petrodigitator (level 27, 172/264 HPs)
             Began as a Deep Dwarf Earth Elementalist on Apr 6, 2016.
             Was the Champion of Makhleb.
             Escaped with the Orb
             ... and 3 runes!
             The game lasted 04:35:26 (62951 turns).

PowerOverwhelming the Petrodigitator (DDEE)        Turns: 62951, Time: 04:35:27

Health: 172/264    AC: 34    Str: 16    XL:     27
Magic:  55/57      EV: 17    Int: 34    God:    Makhleb [******]
Gold:   1884       SH: 20    Dex: 20    Spells: 7 memorised, 40 levels left

rFire  + . .     SeeInvis +     H - staff of earth
rCold  + + .     Gourm    .     b - +3 faerie dragon armour {rF+ rC+ Dex+2}
rNeg   + + .     Faith    .     X - +1 shield of Teluog {rElec rN+ rCorr Dex-2}
rPois  +         Spirit   .     T - +2 helmet {SInv}
rElec  +         Dismiss  .     E - +0 cloak of the Boiling Point {*Confuse MP+9 Int+7 Dex+4}
rCorr  +         Reflect  +     i - +2 pair of gloves
SustAt .         Harm     .     j - +2 pair of boots of Vehumet's Fury {+Blink rPois}
MR     ++++.                    w - +5 amulet of reflection
Stlth  +.........               B - ring "Ruoleirph" {+Blink rC+ EV+4 Int+2}
                                M - ring "Usyathruh" {Wiz rElec Dex+6}

@: non-regenerating, studying Conjurations, incredibly resistant to hostile
enchantments, very unstealthy
A: damage resistance, recharge devices, rough black scales 1, yellow scales 1,
clumsy 1, negative energy resistance 1, sense surroundings 3, slow regeneration
3
a: Device Recharging, Minor Destruction, Lesser Servant of Makhleb, Major
Destruction, Greater Servant of Makhleb, Renounce Religion, Evoke Blink
0: Orb of Zot
}: 3/15 runes: decaying, serpentine, silver


You escaped.
You worshipped Makhleb.
Makhleb was exalted by your worship.
You were not hungry.

You visited 9 branches of the dungeon, and saw 49 of its levels.
You visited 1 bazaar.
You also visited: Labyrinth, Ossuary, Bailey and Ice Cave.

You collected 6822 gold pieces.
You spent 4898 gold pieces at shops.

Inventory:

Missiles
 v - 35 stones (quivered)
Armour
 b - the +3 faerie dragon armour (worn) {rF+ rC+ Dex+2}
   (You took it off the Enchantress on level 1 of the Depths)

   It affects your dexterity (+2).
   It protects you from fire.
   It protects you from cold.
 i - a +2 pair of gloves (worn)
 j - the +2 pair of boots of Vehumet's Fury (worn) {+Blink rPois}
   (You acquired it on level 4 of the Realm of Zot)

   It protects you from poison.
   It lets you blink.
 y - the +17 plate armour of Elyvilon's Vengeance {+Fly rF+ rN+ MR+}
   (You found it on level 2 of the Depths)

   It protects you from fire.
   It protects you from negative energy.
   It affects your resistance to hostile enchantments.
   It lets you fly.
 E - the +0 cloak of the Boiling Point (worn) {*Confuse MP+9 Int+7 Dex+4}
   (You bought it in a shop on level 15 of the Dungeon)

   It affects your intelligence (+7).
   It affects your dexterity (+4).
   It affects your magic capacity (+9).
   It may confuse you when you take damage.
 T - a +2 helmet of see invisible (worn)
 X - the +1 shield of Teluog (worn) {rElec rN+ rCorr Dex-2}
   (You took it off Donald on level 4 of the Vaults)

   It affects your dexterity (-2).
   It insulates you from electricity.
   It protects you from negative energy.
   It protects you from acid and corrosion.
Magical Staves
 H - an uncursed staff of earth (weapon)
Jewellery
 n - an uncursed ring of poison resistance
 w - a +5 amulet of reflection (around neck)
 x - an uncursed ring of see invisible
 B - the ring "Ruoleirph" (right hand) {+Blink rC+ EV+4 Int+2}
   (You found it on level 13 of the Dungeon)

   [ring of evasion]

   It affects your evasion (+4).
   It affects your intelligence (+2).
   It protects you from cold.
   It lets you blink.
 M - the ring "Usyathruh" (left hand) {Wiz rElec Dex+6}
   (You found it on level 3 of the Depths)

   [ring of wizardry]

   It improves your spell success rate.
   It affects your dexterity (+6).
   It insulates you from electricity.
Wands
 d - a wand of heal wounds (3/9)
 q - a wand of digging (5/24)
Scrolls
 c - a scroll of recharging
 f - 3 scrolls of fog
 g - 18 scrolls of remove curse
 h - a scroll of holy word
 k - 11 scrolls of identify
 t - 6 scrolls of magic mapping
 u - 2 scrolls of enchant weapon
 F - 7 scrolls of enchant armour
 I - 3 scrolls of fear
 J - 8 scrolls of teleportation
Potions
 a - a potion of brilliance
 m - 2 potions of resistance
 s - 6 potions of might
 z - 6 potions of agility
 C - 3 potions of cancellation
 D - a potion of haste
 G - 5 potions of invisibility
 S - 3 potions of curing
 W - 2 potions of flight
Books
 K - a book of Cantrips

   Spells                             Type                      Level
   a - Corona                         Hexes                        1
   b - Animate Skeleton               Necromancy                   1
   c - Summon Small Mammal            Summoning                    1
   d - Apportation                    Translocation                1
 Q - a manual of Conjurations
Miscellaneous
 e - a plain deck of summoning {the Crusade, drawn: 4}
 P - an ornate deck of changes {the Mercenary, drawn: 2}
 Y - a phantom mirror
Comestibles
 l - 7 slices of pizza
 o - 35 fruits
 r - 13 beef jerkies
 A - 10 royal jellies
 O - 9 bread rations


   Skills:
 + Level 18.9 Fighting
 - Level 12.4 Staves
 * Level 20.9 Armour
 - Level 2.1 Dodging
 - Level 2.4 Stealth
 - Level 15.0 Shields
 + Level 21.5 Spellcasting
 - Level 2.7 Conjurations
 - Level 8.8 Necromancy
   Level 0.8 Transmutations
 O Level 27 Earth Magic
 - Level 11.8 Evocations


You had 40 spell levels left.
You knew the following spells:

 Your Spells              Type           Power        Failure   Level  Hunger
a - Shatter               Erth           ########..   1%          9    #####..
b - Iron Shot             Conj/Erth      ########..   1%          6    None
c - Lee's Rapid Deconstr  Erth           ########..   0%          5    None
e - Blink                 Tloc           N/A          1%          2    None
f - Stone Arrow           Conj/Erth      ######       0%          3    None
g - Sublimation of Blood  Necr           #######...   1%          2    None
h - Repel Missiles        Chrm/Air       ###...       1%          2    None


Dungeon Overview and Level Annotations

Branches:
Dungeon (15/15)            Temple (1/1) D:5            Lair (8/8) D:11
  Swamp (4/4) Lair:6        Snake (4/4) Lair:3        Slime (0/6) Lair:7
    Orc (2/2) D:10            Elf (0/3) Orc:2        Vaults (5/5) D:14
  Crypt (0/3) Vaults:3     Depths (5/5) D:15            Zot (5/5) Depths:5

Altars:
Ashenzari
Cheibriados
Dithmenos
Elyvilon
Fedhas
Gozag
Kikubaaqudgha
Makhleb
Nemelex Xobeh
Okawaru
Pakellas
Qazlal
Ru
Sif Muna
Trog
Vehumet
Xom
Yredelemnul
Zin
The Shining One
Beogh

Shops:
D:8 %   D:9 (}(?   D:12 *   D:13 !([*   D:15 [   Orc:2 =!(:   Snake:3 ?
Vaults:2 }   Vaults:5 (

Portals:
Hell: Depths:1 Depths:2 Depths:3 Depths:4 Depths:5
Abyss: Depths:1 Depths:4
Pandemonium: Depths:1 Depths:3 Depths:5
Ziggurat: Depths:3

Annotations:
D:11 George's ghost, journeyman MiFi
D:12 4 runed doors
D:13 exclusion: oklob plant
Lair:7 exclusion: oklob plant
Snake:4 1 exclusion
Depths:3 2 exclusions


Innate Abilities, Weirdness & Mutations

You are resistant to damage.
You can recharge devices by infusing magical energy.
You resist negative energy.
You passively map a large area around you.
You do not regenerate naturally.
You are partially covered in rough black scales (AC +4, Dex -1).
You are partially covered in yellow scales (AC +2).
You are clumsy. (Dex -2)


Message History

You open the door.
There is an open door here.
A tormentor comes into view.
Casting: Shatter
Confirm with . or Enter, or press ? or * to list all spells.
You feel a surge of power!
The dungeon rumbles!
A door shatters! x2
You kill the tormentor!
Makhleb accepts your kill.
You feel better.
Ka-crash!
Unknown command.
(D) Dungeon (T) Temple (L) Lair (S) Swamp (P) Snake Pit (M) Slime Pits (O) Orcish Mines (E) Elven Halls (V) Vaults (C) Crypt (U) Depths (H) Hell (Z) Zot
Where to? (Enter - D:1 @ (x,y), ? - help)
There is a staircase leading out of the dungeon here.
You have escaped!

..#...# ##.......##..##'####..
..###########.......###.#........
..# #..................#........
..# #.#.#####.#####.#..#........
..# #.#.#...#.#...#.#..#........
..# #.###.###.###.###..#......##
..####.....#.....#.............+.
.......###.###.###.###.........##
#####..#.#...#.#@..#.#.........#.
#..#.#####.#####.#.....#.....
#..#........[....#.....#.....
#..###.#######.###...........
#....#.#.....#.#....##.###+#.
#..###.###.###.###.#..>....#.
#..#.....#.#.....#.#.#.#####.
#..#.###.#.#.###.#...#..).#..
##.#.#.#.#.#.#.#)#...###.##..


There were no monsters in sight!

Vanquished Creatures
  11 ancient liches
  7 orbs of fire
  Mara (Depths:1)
  Mennas (Vaults:4)
  A juggernaut (Depths:3)
  Vashnia (Snake:2)
  3 Killer Klowns
  Margery (Depths:4)
  3 curse toes (Zot:4)
  12 golden dragons
  Jory (Depths:3)
  the Enchantress (Depths:1)
  A bone dragon (Swamp:4)
  4 electric golems
  2 liches
  12 tentacled monstrosities
  Asterion (Depths:1)
  18 Orb Guardians (Zot:5)
  3 quicksilver dragons
  6 titans
  Frances (Swamp:2)
  4 death cobs
  12 storm dragons
  Agnes (Snake:3)
  5 sphinxes
  2 tengu reavers (Vaults:5)
  8 shadow dragons
  A thorn hunter (Swamp:1)
  Kirke (D:15)
  An ancient champion (Vaults:3)
  10 draconian monks
  4 fire giants
  12 frost giants
  Wiglaf (Vaults:3)
  9 draconian knights
  9 greater nagas (Snake:4)
  5 deep elf sorcerers
  Donald (Vaults:4)
  The ghost of skk the Spry, an adept HaAs of Dithmenos (Swamp:2)
  3 ghost moths
  15 vault wardens
  Maud (D:14)
  2 draconian zealots
  4 draconian scorchers
  5 draconian shifters
  An orc warlord (Orc:2)
  4 iron dragons
  A curse skull (Vaults:3)
  4 deep elf elementalists
  A draconian caller (Depths:5)
  5 spriggan defenders
  17 ironheart preservers
  5 draconian annihilators
  5 very ugly things
  19 stone giants
  2 war gargoyles (Vaults:5)
  8 green draconians
  A ghoul (Vaults:3)
  5 salamander stormcallers
  3 deep elf demonologists
  7 black draconians
  12 white draconians
  Azrael (D:13)
  11 red draconians
  8 mottled draconians
  5 purple draconians
  3 lorocyprocas
  A spark wasp (Depths:3)
  16 yellow draconians
  29 ettins
  Snorg (Orc:2)
  A green death (Depths:3)
  27 vault guards
  A merfolk javelineer (Depths:4)
  A crystal guardian (Vaults:5)
  An eidolon (Vaults:3)
  18 fire dragons
  9 great orbs of eyes
  2 deep elf death magi
  2 deep elf high priests
  20 yaktaur captains
  19 ice dragons
  A hydra (shapeshifter) (Depths:3)
  A rakshasa (Depths:1)
  10 naga warriors
  9 hydras
  A hell beast (Depths:4)
  3 death knights
  5 spriggan air magi
  An entropy weaver (Vaults:3)
  16 anacondas
  3 ghost crabs (Swamp:4)
  2 catoblepae
  15 ogre magi
  4 alligators
  The ghost of Chiseanne the Whirler, a journeyman SpHu of Gozag (D:14)
  14 centaur warriors
  11 deep troll shamans
  4 tengu warriors
  6 death yaks (Lair:8)
  A hell hog (shapeshifter) (Vaults:1)
  13 deep troll earth magi
  A shock serpent (shapeshifter) (Vaults:5)
  9 deep elf knights
  6 spriggan berserkers
  11 shock serpents
  5 orc high priests
  13 naga sharpshooters
  10 hell knights
  16 skeletal warriors
  2 fire crabs
  2 iron trolls
  6 shadow wraiths
  3 salamander mystics
  3 unseen horrors
  An unseen horror (shapeshifter) (Depths:2)
  5 naga ritualists
  4 giant orange brains
  4 shambling mangroves
  9 hill giants
  2 spectral hydras (Swamp:4)
  7 flayed ghosts
  An anubis guard (shapeshifter) (Depths:2)
  38 deep trolls
  A swamp dragon (Swamp:2)
  2 tengu zombies (Vaults:4)
  15 ironbrand convokers
  3 harpies (Vaults:3)
  5 deep elf archers
  Pikel (D:4)
  A harpy (shapeshifter) (Vaults:4)
  3 torturous demonspawn
  An oklob plant (Swamp:4)
  8 phantasmal warriors
  A lindwurm (Lair:8)
  A hill giant (shapeshifter) (Depths:2)
  7 necromancers
  12 orc knights
  18 deep elf magi
  7 wolf spiders
  8 mana vipers
  3 wizards
  42 ugly things
  5 orc sorcerers
  5 hornets
  A salamander (shapeshifter) (Depths:1)
  3 manticores
  3 cyclopes
  14 salamanders
  8 griffons
  20 moths of wrath
  An ice statue (IceCv)
  13 guardian serpents
  23 elephants
  20 naga magi
  4 rust devils
  7 vault sentinels
  39 black mambas
  2 gargoyles (D:14)
  6 torpor snails (Lair:8)
  17 spiny frogs
  A centaur skeleton (D:14)
  2 kobold demonologists
  An orange demon (Depths:5)
  11 freezing wraiths
  A yaktaur zombie (Vaults:4)
  4 komodo dragons
  66 yaktaurs
  6 rime drakes
  2 tormentors
  A hellwing (D:15)
  A yaktaur (shapeshifter) (Vaults:1)
  7 swamp worm zombies
  8 tengu conjurers
  The ghost of PeterLawrence the Basher, a novice GrFi (D:5)
  An ice devil (Depths:5)
  21 polar bears
  A queen bee (Lair:7)
  A red devil (Depths:4)
  A jumping spider (Vaults:3)
  10 trolls
  4 hydra zombies (Swamp:4)
  10 bog bodies
  A sphinx simulacrum (Vaults:3)
  26 two-headed ogres
  An alligator zombie (Swamp:4)
  14 giant leeches
  23 blink frogs
  9 boulder beetles
  27 slime creatures
  A snapping turtle (shapeshifter) (Vaults:1)
  A raiju (shapeshifter) (Vaults:2)
  6 flying skulls (Depths:4)
  Duvessa (D:4)
  4 shadows
  13 wraiths
  61 yaks
  12 redbacks
  11 spriggans
  4 water elementals (Depths:4)
  A yak (shapeshifter) (Depths:3)
  A vampire (D:15)
  4 wyverns
  5 basilisks
  7 fire elementals (D:13)
  8 hogs
  A hungry ghost (D:7)
  A chaos spawn (Depths:2)
  7 hippogriffs
  2 neqoxecs
  Menkaure (D:4)
  19 insubstantial wisps (Swamp:4)
  21 vampire mosquitoes
  9 swamp worms
  6 wargs
  54 nagas
  A soldier ant (D:14)
  A hell hound (D:13)
  A water moccasin (shapeshifter) (Vaults:1)
  2 spiny frog zombies (Swamp:2)
  6 swamp drakes
  11 water moccasins
  11 porcupines
  A sky beast (D:14)
  13 ice beasts
  An eye of draining (D:11)
  7 black bears
  A necrophage (D:14)
  3 swamp dragon zombies (Swamp:4)
  18 wasps
  13 wolves
  A slave (D:4)
  An ogre (shapeshifter) (Depths:2)
  70 orc warriors
  9 phantoms
  43 ogres
  20 boggarts
  13 centaurs
  18 crocodiles
  A crocodile (shapeshifter) (Depths:2)
  29 giant frogs
  2 big kobolds
  A wyvern zombie (D:10)
  6 water moccasin zombies (Ossuary)
  Dowan (D:4)
  A wyvern skeleton (D:12)
  A scorpion (shapeshifter) (Vaults:1)
  4 scorpions
  3 spriggan zombies (Swamp:2)
  A troll zombie (Swamp:2)
  5 wights (D:13)
  23 killer bees
  2 howler monkeys (D:7)
  7 centaur zombies
  5 crimson imps
  A quasit (Depths:2)
  A giant frog zombie (D:8)
  3 jellies
  46 orc priests
  5 hounds
  31 orc wizards
  11 iguanas
  4 spectral swamp drakes (Swamp:4)
  11 worker ants
  A killer bee zombie (D:6)
  12 sheep
  A big kobold zombie (Ossuary)
  2 hound zombies
  3 mummies
  A howler monkey skeleton (D:6)
  A howler monkey zombie (D:10)
  A worker ant zombie (D:7)
  26 gnolls
  11 adders
  35 river rats
  2 swamp drake zombies (Swamp:4)
  4 shadow imps
  A white imp (Depths:5)
  7 adder zombies
  17 worms
  4 dart slugs
  4 giant geckos
  148 orcs
  3 giant cockroaches
  11 goblins
  20 hobgoblins
  13 jackals
  8 quokkas
  A ball python (D:1)
  6 bats
  5 giant newts
  3 gnoll zombies
  4 hobgoblin zombies (Ossuary)
  26 kobolds
  8 kobold zombies (Ossuary)
  4 orc zombies (Ossuary)
  A quokka skeleton (D:5)
  A quokka zombie (D:7)
  8 rats
  27 briar patches (Swamp:1)
  17 fungi
  7 plants
2540 creatures vanquished.

Vanquished Creatures (collateral kills)
  Aizul (Snake:2)
  A hydra (D:8)
  A salamander (Snake:2)
  A black mamba (Snake:2)
  5 elephants (Lair:5)
  An orange demon (Zot:4)
  A small abomination (Zot:4)
  A porcupine (Lair:5)
  An orc warrior (D:8)
  A centaur (D:8)
  A hound (D:8)
  An orc wizard (D:8)
  2 orcs (D:8)
18 creatures vanquished.

Vanquished Creatures (others)
  A golden dragon (Zot:5)
  A tengu reaver (Vaults:5)
  A stone giant (Depths:2)
  A purple draconian (Zot:5)
  2 moths of wrath (Zot:5)
  5 yaktaurs
  A swamp worm (Swamp:4)
  3 insubstantial wisps (Swamp:4)
  A slave (D:4)
  A centaur (Depths:1)
  An orc priest (D:4)
  A dart slug (D:4)
  An orc (D:4)
  36 fungi
  40 plants
  A withered plant (Swamp:2)
97 creatures vanquished.

Grand Total: 2655 creatures vanquished

Notes
Turn   | Place    | Note
--------------------------------------------------------------
     0 | D:1      | PowerOverwhelming the Deep Dwarf Earth Elementalist began the quest for the Orb.
     0 | D:1      | Reached XP level 1. HP: 15/15 MP: 3/3
   229 | D:1      | Reached XP level 2. HP: 19/22 MP: 0/5
   600 | D:1      | Reached skill level 5 in Earth Magic
   930 | D:2      | Reached XP level 3. HP: 19/28 MP: 4/6
   976 | D:2      | Found a sparkling altar of Nemelex Xobeh.
  1359 | D:2      | Found an oddly glowing altar of Pakellas.
  1896 | D:3      | Reached XP level 4. HP: 18/36 MP: 3/8
  2443 | D:3      | Found a glowing silver altar of Zin.
  2567 | D:3      | Reached skill level 6 in Earth Magic
  2569 | D:3      | Reached XP level 5. HP: 35/42 MP: 3/9
  2838 | D:4      | Noticed a slave
  2848 | D:4      | Learned a level 3 spell: Stone Arrow
  2873 | D:4      | Noticed a slave
  2874 | D:4      | Noticed Pikel
  2875 | D:4      | Noticed a slave
  2899 | D:4      | Killed a slave
  2902 | D:4      | Noticed a slave
  2954 | D:4      | Killed Pikel
  2954 | D:4      | Reached skill level 7 in Earth Magic
  2954 | D:4      | Reached XP level 6. HP: 25/49 MP: 1/12
  2954 | D:4      | Reached XP level 7. HP: 29/55 MP: 1/13
  3067 | D:4      | Noticed Duvessa
  3097 | D:4      | Noticed Dowan
  3122 | D:4      | Killed Duvessa
  3122 | D:4      | Reached skill level 8 in Earth Magic
  3160 | D:4      | Killed Dowan
  3160 | D:4      | Reached skill level 5 in Spellcasting
  3481 | D:4      | Reached skill level 9 in Earth Magic
  3481 | D:4      | Reached XP level 8. HP: 30/62 MP: 2/16
  3678 | D:4      | Noticed Menkaure
  3691 | D:4      | Killed Menkaure
  3953 | D:5      | Entered Level 5 of the Dungeon
  3959 | D:5      | Reached skill level 10 in Earth Magic
  4065 | D:5      | Found a staircase to the Ecumenical Temple.
  4071 | Temple   | Entered the Ecumenical Temple
  4260 | D:5      | Noticed PeterLawrence's ghost (novice GrFi)
  4300 | D:5      | Found a sand-covered staircase.
  4308 | Ossuary  | Entered an ossuary
  4563 | Ossuary  | Reached skill level 11 in Earth Magic
  5342 | D:6      | Found a burning altar of Makhleb.
  5356 | D:6      | Became a worshipper of Makhleb the Destroyer
  5434 | D:6      | Gained mutation: You passively map the area around you. [Deep Dwarf growth]
  5434 | D:6      | Reached XP level 9. HP: 36/68 MP: 14/18
  5452 | D:6      | Found an oddly glowing altar of Pakellas.
  5611 | D:6      | Found a white marble altar of Elyvilon.
  5652 | D:6      | Found a shadowy altar of Dithmenos.
  5692 | D:6      | Found a basalt altar of Yredelemnul.
  6203 | D:7      | Reached skill level 12 in Earth Magic
  6210 | D:7      | Reached * piety under Makhleb
  6428 | D:7      | Gained mutation: Your movements are slightly less encumbered by armour (ER -2). [potion of mutation]
  6428 | D:7      | Gained mutation: You have sharp toenails. [potion of mutation]
  6428 | D:7      | Gained mutation: Your magical capacity is low (-10% MP). [potion of mutation]
  6526 | D:7      | Found a shattered altar of Ashenzari.
  6585 | D:7      | Gained mutation: You are weak. (Str -2) [potion of mutation]
  6585 | D:7      | Gained mutation: Your body sometimes deteriorates upon taking damage. [potion of mutation]
  6585 | D:7      | Gained mutation: You are partially covered in icy blue scales (AC +1). [potion of mutation]
  6862 | D:7      | Reached skill level 13 in Earth Magic
  7257 | D:7      | Learned a level 5 spell: Lee's Rapid Deconstruction
  7306 | D:8      | Found Lassik's Food Boutique.
  7524 | D:8      | HP: 3/68 [wyvern (2)]
  7529 | D:8      | HP: 2/68 [wyvern (8)]
  7709 | D:8      | Reached ** piety under Makhleb
  7722 | D:8      | Noticed a four-headed hydra
  7731 | D:8      | Killed a four-headed hydra
  7731 | D:8      | Reached skill level 14 in Earth Magic
  7731 | D:8      | Reached XP level 10. HP: 17/75 MP: 19/19
  8515 | D:9      | Got a shimmering platinum ring
  8517 | D:9      | Identified the ring of Heinuame {Str+3 Dex+3 Stlth-} (You found it on level 9 of the Dungeon)
  8597 | D:9      | Found Sucleclu's Gadget Emporium.
  8710 | D:8      | Reached skill level 15 in Earth Magic
  8948 | D:9      | Found Caets's Antique Weapon Emporium.
  9061 | D:9      | Found Moim's Magic Scroll Boutique.
  9064 | D:9      | Bought a scroll of recharging for 114 gold pieces
  9181 | D:9      | Found a snail-covered altar of Cheibriados.
  9184 | D:9      | Reached *** piety under Makhleb
  9326 | D:9      | Found Lulibrin's Antique Weapon Shoppe.
  9332 | D:9      | Bought a polished great sword for 310 gold pieces
  9332 | D:9      | Identified the cursed +2 great sword "Vyipowig" {flame, Fragile rElec Int+2 Dex+4} (You bought it in a shop on level 9 of the Dungeon)
  9437 | D:9      | Found Ofepp's Gadget Emporium.
  9612 | D:10     | Entered Level 10 of the Dungeon
  9998 | D:10     | Found a roughly hewn altar of Beogh.
 10022 | D:10     | Reached **** piety under Makhleb
 10211 | D:10     | Found a staircase to the Orcish Mines.
 10473 | D:10     | Reached skill level 16 in Earth Magic
 10542 | D:10     | Found an ancient bone altar of Kikubaaqudgha.
 10789 | D:11     | Found a staircase to the Lair.
 10836 | D:11     | Found a flagged portal.
 10926 | Bailey   | Entered a bailey
 11159 | Bailey   | Reached ***** piety under Makhleb
 11432 | Bailey   | Reached XP level 11. HP: 53/81 MP: 20/23
 12340 | D:11     | Noticed a hill giant
 12350 | D:11     | Killed a hill giant
 12350 | D:11     | Reached XP level 12. HP: 41/88 MP: 8/24
 12477 | D:11     | Reached skill level 17 in Earth Magic
 12584 | D:11     | Noticed George's ghost (journeyman MiFi)
 12602 | Lair:1   | Entered Level 1 of the Lair of Beasts
 14348 | Lair:3   | Noticed an eight-headed hydra
 14353 | Lair:3   | Killed an eight-headed hydra
 14353 | Lair:3   | Reached ****** piety under Makhleb
 14353 | Lair:3   | Reached skill level 18 in Earth Magic
 14673 | Lair:3   | Found a staircase to the Snake Pit.
 14970 | Lair:4   | Got a warped ring mail
 14971 | Lair:4   | Identified the +9 ring mail "Noos" {rElec rN+ Dex-3} (You found it on level 4 of the Lair of Beasts)
 15455 | Lair:4   | Noticed an eight-headed hydra
 15458 | Lair:4   | Killed an eight-headed hydra
 16115 | Lair:5   | Noticed a catoblepas
 16115 | Lair:5   | Reached skill level 19 in Earth Magic
 16148 | Lair:5   | Found a labyrinth entrance.
 16164 | Lab      | Entered a labyrinth
 16515 | Lab      | Noticed a minotaur
 16656 | Lair:5   | Reached XP level 13. HP: 68/94 MP: 0/26
 18263 | Lair:6   | Reached skill level 20 in Earth Magic
 18807 | Lair:6   | Got a translucent flail
 18808 | Lair:6   | Identified the +8 flail "Xuxzunin" {crush, rPois rF+ rC- rN+} (You found it on level 6 of the Lair of Beasts)
 18946 | Lair:6   | Found a staircase to the Swamp.
 20389 | Lair:7   | Reached skill level 21 in Earth Magic
 20458 | Lair:7   | Gained mutation: You are partially covered in rough black scales (AC +4, Dex -1). [potion of mutation]
 20458 | Lair:7   | Gained mutation: You are partially covered in yellow scales (AC +2). [potion of mutation]
 21033 | Lair:8   | Entered Level 8 of the Lair of Beasts
 21355 | Lair:8   | Gained mutation: You resist negative energy. [Deep Dwarf growth]
 21355 | Lair:8   | Reached XP level 14. HP: 82/102 MP: 15/28
 22041 | Lair:8   | Reached skill level 22 in Earth Magic
 23329 | Lair:8   | Found a runed door.
 24251 | Orc:1    | Entered Level 1 of the Orcish Mines
 24378 | Orc:1    | Found a roughly hewn altar of Beogh.
 24469 | Orc:1    | Reached skill level 23 in Earth Magic
 24851 | Orc:2    | Entered Level 2 of the Orcish Mines
 25146 | Orc:2    | Noticed Snorg
 25356 | Orc:2    | Killed Snorg
 26014 | Orc:2    | Found a roughly hewn altar of Beogh.
 26015 | Orc:2    | Found Coragum's Jewellery Emporium.
 26310 | Orc:2    | Found Zupt's Distillery.
 26360 | Orc:2    | Bought 2 potions of cure mutation for 800 gold pieces
 26360 | Orc:2    | Lost mutation: Your body sometimes deteriorates upon taking damage. [potion of cure mutation]
 26360 | Orc:2    | Lost mutation: Your magical capacity is low (-10% MP). [potion of cure mutation]
 26360 | Orc:2    | Lost mutation: You are weak. (Str -2) [potion of cure mutation]
 26360 | Orc:2    | Lost mutation: Your movements are slightly less encumbered by armour (ER -2). [potion of cure mutation]
 26360 | Orc:2    | Lost mutation: You are partially covered in icy blue scales (AC +1). [potion of cure mutation]
 26893 | Orc:2    | Reached XP level 15. HP: 108/108 MP: 17/33
 26914 | Orc:2    | Found a staircase to the Elven Halls.
 27251 | Orc:2    | Noticed an orc warlord
 27268 | Orc:2    | Killed an orc warlord
 27570 | Orc:2    | Found a roughly hewn altar of Beogh.
 27849 | Orc:2    | Reached skill level 24 in Earth Magic
 27956 | Orc:2    | Found Cerphun's Book Emporium.
 27994 | Orc:2    | Found Genirot's Weapon Shop.
 28055 | Orc:2    | Bought a book of the Tempests for 1050 gold pieces
 28065 | Orc:2    | Learned a level 9 spell: Shatter
 28414 | D:11     | HP: 1/108 [blast of rock fragments (40)]
 28667 | D:12     | Found Teifa's Assorted Antiques.
 29181 | D:12     | Found a huge runed gate.
 29182 | D:12     | Found a huge runed gate.
 29184 | D:12     | Found a huge runed gate.
 29201 | D:12     | Found a huge runed gate.
 29667 | D:12     | Identified a scroll of acquirement
 29701 | D:13     | Found Xecwigeu's Antique Armour Boutique.
 29914 | D:13     | Noticed Azrael
 29926 | D:13     | Killed Azrael
 30120 | D:13     | Found Amnymauc's Distillery.
 30175 | D:13     | Found a frozen archway.
 30250 | IceCv    | Entered an ice cave
 30719 | IceCv    | Noticed a frost giant
 30722 | IceCv    | Reached skill level 25 in Earth Magic
 30725 | IceCv    | Killed a frost giant
 30986 | D:13     | Found Fohoix's Weapon Emporium.
 31092 | D:13     | Found a sparkling altar of Nemelex Xobeh.
 31252 | D:13     | Got a slimy robe
 31263 | D:13     | Identified the +0 robe of Contentment {rPois rF+++ MR- Str+3} (You found it on level 13 of the Dungeon)
 31379 | D:13     | Found Izodghyf's Assorted Antiques.
 31400 | D:13     | Bought a scratched ruby ring for 190 gold pieces
 31510 | D:13     | Got a scorched bronze ring
 31595 | D:13     | Identified the ring "Ruoleirph" {+Blink rC+ EV+4 Int+2} (You found it on level 13 of the Dungeon)
 31823 | D:14     | Noticed Maud
 31825 | D:14     | Killed Maud
 32076 | D:14     | Found a gate to the Vaults.
 32125 | D:14     | Noticed Chiseanne's ghost (journeyman SpHu)
 32141 | D:14     | Reached XP level 16. HP: 115/115 MP: 0/34
 32186 | D:14     | Killed Chiseanne's ghost
 32186 | D:14     | Reached skill level 15 in Spellcasting
 33213 | D:15     | Entered Level 15 of the Dungeon
 33224 | D:15     | Found Warhea Masie's Armour Shop.
 33227 | D:15     | Reached skill level 26 in Earth Magic
 33229 | D:15     | Noticed Kirke
 33500 | D:15     | Killed Kirke
 33786 | D:15     | Bought the +0 cloak of the Boiling Point {*Confuse MP+9 Int+7 Dex+4} for 406 gold pieces
 33919 | D:15     | Found a staircase to the Depths.
 34442 | Snake:1  | Entered Level 1 of the Snake Pit
 34723 | Snake:1  | Got a pitted lapis lazuli ring
 34743 | Snake:1  | Identified the cursed ring "Inuro" {rPois rF++ MR- Str+4 Dex-3} (You found it on level 1 of the Snake Pit)
 36067 | Snake:2  | Noticed Aizul
 36094 | Snake:2  | Killed Aizul
 36094 | Snake:2  | Reached skill level 27 in Earth Magic
 36445 | Snake:2  | Reached XP level 17. HP: 121/121 MP: 4/37
 36559 | Snake:2  | Lost mutation: You have sharp toenails. [helix card]
 36685 | Snake:2  | Reached skill level 1 in Staves
 36685 | Snake:2  | Reached skill level 1 in Evocations
 36930 | Snake:2  | Reached skill level 1 in Fighting
 37195 | Snake:2  | Noticed Vashnia
 37800 | Snake:3  | Noticed Agnes
 37804 | Snake:3  | Killed Agnes
 37819 | Snake:3  | Reached skill level 5 in Staves
 37823 | Snake:3  | Reached skill level 5 in Evocations
 38061 | Snake:2  | Killed Vashnia
 38296 | Snake:3  | Found Zazoalepn's Magic Scroll Shop.
 38331 | Snake:3  | Found a basalt altar of Yredelemnul.
 38698 | Snake:4  | Entered Level 4 of the Snake Pit
 38954 | Snake:4  | Got a serpentine rune of Zot
 38960 | Snake:4  | Reached skill level 5 in Fighting
 38963 | Snake:4  | Gained mutation: You passively map a large area around you. [Deep Dwarf growth]
 38963 | Snake:4  | Reached XP level 18. HP: 145/145 MP: 30/38
 39232 | Swamp:1  | Entered Level 1 of the Swamp
 39529 | Vaults:1 | Entered Level 1 of the Vaults
 39569 | Vaults:1 | Found a flickering gateway to a bazaar.
 39583 | Bazaar   | Entered a bazaar
 39610 | Bazaar   | Found Byschoik's Assorted Antiques.
 39626 | Bazaar   | Found Geimov's Antique Weapon Emporium.
 39678 | Bazaar   | Found Dulak's Armour Boutique.
 39702 | Bazaar   | Found Inischyn's Magic Scroll Shoppe.
 39775 | Bazaar   | Found Ufrezid's Distillery.
 39820 | Bazaar   | Bought a scroll of magic mapping for 24 gold pieces
 39820 | Bazaar   | Bought a scroll of magic mapping for 24 gold pieces
 39899 | Vaults:1 | Gained mutation: You have an increased reservoir of magic (+10% MP). [potion of beneficial mutation]
 40326 | Vaults:1 | Learned a level 2 spell: Blink
 40460 | Vaults:1 | Reached skill level 10 in Evocations
 40714 | Vaults:1 | Reached skill level 10 in Staves
 41465 | Vaults:2 | Found Yczegun's Gadget Shop.
 41880 | Vaults:2 | Reached XP level 19. HP: 95/160 MP: 33/43
 42686 | Vaults:3 | Noticed Wiglaf
 42689 | Vaults:3 | Killed Wiglaf
 43246 | Vaults:3 | Found a staircase to the Crypt.
 44449 | Vaults:4 | Noticed Mennas
 44996 | Vaults:4 | Reached skill level 10 in Fighting
 44996 | Vaults:4 | Reached skill level 1 in Armour
 45079 | Vaults:4 | Killed Mennas
 45309 | Vaults:4 | Noticed Donald
 45311 | Vaults:4 | Killed Donald
 45458 | Vaults:4 | Got a faintly humming shield
 45459 | Vaults:4 | Identified the +1 shield of Teluog {rElec rN+ rCorr Dex-2} (You took it off Donald on level 4 of the Vaults)
 45473 | Vaults:4 | Reached skill level 1 in Shields
 45473 | Vaults:4 | Reached XP level 20. HP: 178/178 MP: 43/44
 46321 | Vaults:5 | Entered Level 5 of the Vaults
 46324 | Vaults:5 | Reached skill level 5 in Shields
 46480 | Vaults:5 | Noticed a golden dragon
 46667 | Vaults:5 | Reached skill level 10 in Shields
 46668 | Vaults:5 | Reached XP level 21. HP: 189/189 MP: 19/46
 46675 | Vaults:4 | Killed a golden dragon
 47029 | Vaults:5 | Noticed a golden dragon
 47164 | Vaults:5 | Killed a golden dragon
 48039 | Vaults:5 | Noticed an ancient lich
 48060 | Vaults:5 | Killed an ancient lich
 48419 | Vaults:5 | Learned a level 6 spell: Iron Shot
 48492 | Vaults:5 | Got a bloodstained scale mail
 48493 | Vaults:5 | Identified the cursed +0 scale mail of Naipim {rElec rF+ rC++ Int-2} (You found it on level 5 of the Vaults)
 48798 | Vaults:5 | Reached skill level 15 in Shields
 48850 | Vaults:5 | Found Neozoc's Weapon Shoppe.
 48919 | Vaults:5 | Got a silver rune of Zot
 49360 | Orc:2    | Bought a book of Death for 1050 gold pieces
 49363 | Orc:2    | Learned a level 2 spell: Sublimation of Blood
 49928 | Swamp:2  | Noticed Frances
 49930 | Swamp:2  | Killed Frances
 50195 | Swamp:2  | Reached XP level 22. HP: 195/200 MP: 48/48
 50246 | Swamp:4  | Entered Level 4 of the Swamp
 50771 | Swamp:4  | Got a decaying rune of Zot
 50881 | Swamp:2  | Noticed skk's ghost (adept HaAs)
 50887 | Swamp:2  | Killed skk's ghost
 51271 | Depths:1 | Entered Level 1 of the Depths
 51309 | Depths:1 | Noticed the Enchantress
 51309 | Depths:1 | Killed the Enchantress
 51325 | Depths:1 | Noticed Asterion
 51352 | Depths:1 | Killed Asterion
 51379 | Depths:1 | Got a faerie dragon armour
 51380 | Depths:1 | Identified the +3 faerie dragon armour {rF+ rC+ Dex+2} (You took it off the Enchantress on level 1 of the Depths)
 51857 | Depths:1 | Found a one-way gate leading to the halls of Pandemonium.
 51901 | Depths:1 | Found a gateway to Hell.
 51995 | Depths:1 | Noticed Mara
 52000 | Depths:1 | Killed Mara
 52000 | Depths:1 | Noticed PowerOverwhelming's illusion
 52082 | Depths:1 | Found a one-way gate to the infinite horrors of the Abyss.
 52170 | Depths:1 | Reached skill level 5 in Armour
 52673 | Depths:2 | Reached skill level 1 in Necromancy
 52819 | Depths:2 | Found a white marble altar of Elyvilon.
 52820 | Depths:2 | Found a sacrificial altar of Ru.
 52860 | Depths:2 | Found a snail-covered altar of Cheibriados.
 52972 | Depths:2 | Reached XP level 23. HP: 214/214 MP: 36/50
 53074 | Depths:2 | Reached skill level 5 in Necromancy
 53108 | Depths:2 | Got a flickering crystal amulet
 53109 | Depths:2 | Identified the amulet "Dodus" {Gourm +Inv rF- rN+} (You found it on level 2 of the Depths)
 53112 | Depths:2 | Got an obsidian-encrusted plate armour
 53113 | Depths:2 | Identified the +17 plate armour of Elyvilon's Vengeance {+Fly rF+ rN+ MR+} (You found it on level 2 of the Depths)
 53145 | Depths:2 | Identified Further Progress in Spellweaving
 53417 | Depths:2 | Identified the Disquisition on Stones and Talismans
 53421 | Depths:2 | Learned a level 2 spell: Repel Missiles
 53664 | Depths:3 | Reached skill level 15 in Fighting
 53674 | Depths:3 | Noticed Jory
 53868 | Depths:3 | Killed Jory
 53879 | Depths:3 | Got a warped bone ring
 53880 | Depths:3 | Identified the ring "Usyathruh" {Wiz rElec Dex+6} (You found it on level 3 of the Depths)
 53899 | Depths:3 | Noticed a juggernaut
 53903 | Depths:3 | Killed a juggernaut
 54149 | Depths:3 | Found a gateway to a ziggurat.
 54478 | Depths:4 | Noticed Margery
 54481 | Depths:4 | Killed Margery
 54510 | Depths:4 | Reached skill level 10 in Armour
 54573 | Depths:4 | Reached XP level 24. HP: 226/226 MP: 16/50
 55395 | Depths:4 | Identified Sif Muna's Collected Works on the Oath
 55403 | Depths:4 | Got a sparkling silver ring
 55404 | Depths:4 | Identified the ring of Sunlight {*Tele rPois rF- Int+5} (You found it on level 4 of the Depths)
 55548 | Depths:5 | Entered Level 5 of the Depths
 55755 | Depths:5 | Found a gate to the Realm of Zot.
 56402 | Zot:1    | Entered Level 1 of the Realm of Zot
 57339 | Zot:3    | Reached XP level 25. HP: 235/238 MP: 51/51
 57580 | Zot:4    | Reached skill level 15 in Armour
 57626 | Zot:4    | Noticed an orb of fire
 57752 | Zot:4    | Gained mutation: You are frail (-10% HP). [an orb of fire]
 57753 | Zot:4    | Killed an orb of fire
 58014 | Zot:4    | Got a pair of distressingly furry boots
 58025 | Zot:4    | Identified the +2 pair of boots of Vehumet's Fury {+Blink rPois} (You acquired it on level 4 of the Realm of Zot)
 58340 | Zot:5    | Entered Level 5 of the Realm of Zot
 58419 | Zot:5    | Noticed an orb of fire
 58423 | Zot:5    | Gained mutation: You occasionally shout uncontrollably at your foes. [an orb of fire]
 58424 | Zot:5    | Gained mutation: Scrolls take you a little longer to read. [an orb of fire]
 58429 | Zot:5    | Gained mutation: Scrolls take you longer to read. [an orb of fire]
 58430 | Zot:5    | Killed an orb of fire
 58807 | Zot:5    | Noticed an ancient lich
 58810 | Zot:5    | Killed an ancient lich
 58830 | Zot:5    | Noticed an ancient lich
 58834 | Zot:5    | Killed an ancient lich
 59008 | Zot:5    | Noticed an ancient lich
 59010 | Zot:5    | Killed an ancient lich
 59021 | Zot:5    | Reached XP level 26. HP: 206/225 MP: 6/52
 59170 | Zot:5    | Noticed an ancient lich
 59172 | Zot:5    | Killed an ancient lich
 59177 | Zot:5    | Noticed an orb of fire
 59253 | Zot:5    | Killed an orb of fire
 59593 | Zot:5    | Noticed an ancient lich
 59596 | Zot:5    | Killed an ancient lich
 59747 | Zot:5    | Noticed an ancient lich
 59755 | Zot:5    | Killed an ancient lich
 59807 | Zot:5    | Noticed an ancient lich
 59817 | Zot:5    | Killed an ancient lich
 59979 | Zot:5    | Noticed an orb of fire
 59983 | Zot:5    | Killed an orb of fire
 60160 | Zot:5    | Noticed an ancient lich
 60164 | Zot:5    | Killed an ancient lich
 60209 | Zot:5    | Noticed an ancient lich
 60224 | Zot:5    | Killed an ancient lich
 60332 | Zot:5    | Noticed an ancient lich
 60333 | Zot:5    | Killed an ancient lich
 60461 | Zot:5    | Noticed an orb of fire
 60466 | Zot:5    | Killed an orb of fire
 60497 | Zot:5    | Noticed an orb of fire
 60498 | Zot:5    | Gained mutation: You are dopey. (Int -2) [an orb of fire]
 60654 | Zot:5    | Killed an orb of fire
 60718 | Zot:5    | Noticed an orb of fire
 60723 | Zot:5    | Gained mutation: You are clumsy. (Dex -2) [an orb of fire]
 60728 | Zot:5    | Lost mutation: You have an increased reservoir of magic (+10% MP). [an orb of fire]
 60732 | Zot:5    | Gained mutation: You are weak. (Str -2) [an orb of fire]
 60854 | Zot:4    | Lost mutation: You are dopey. (Int -2) [potion of cure mutation]
 60854 | Zot:4    | Lost mutation: Scrolls take you longer to read. [potion of cure mutation]
 60854 | Zot:4    | Lost mutation: You are frail (-10% HP). [potion of cure mutation]
 60854 | Zot:4    | Lost mutation: Scrolls take you a little longer to read. [potion of cure mutation]
 60854 | Zot:4    | Lost mutation: You are weak. (Str -2) [potion of cure mutation]
 61109 | D:12     | Bought 2 scrolls of recharging for 475 gold pieces
 61232 | D:13     | Bought a potion of cure mutation for 325 gold pieces
 61232 | D:13     | Bought a potion of haste for 130 gold pieces
 61494 | Zot:5    | Gained mutation: You are occasionally teleported next to monsters. [an orb of fire]
 61501 | Zot:5    | Killed an orb of fire
 61501 | Zot:5    | Reached XP level 27. HP: 142/262 MP: 6/48
 61504 | Zot:5    | Lost mutation: You occasionally shout uncontrollably at your foes. [potion of cure mutation]
 61504 | Zot:5    | Lost mutation: You are occasionally teleported next to monsters. [potion of cure mutation]
 62294 | Zot:5    | Got the Orb of Zot
 62363 | Zot:4    | Noticed Jibrih the pandemonium lord
 62839 | D:5      | Killed PeterLawrence's ghost
 62951 | D:$      | Escaped with the Orb!

Vault maps used:
D:1:      evilmike_arrival_hilbert_curve
D:2:      nemelex_deck, grunt_pakellas_mercury
D:3:      zin_scriptorium
D:4:      first_bread, uniq_pikel, uniq_menkaure, uniq_duvessa
D:5:      minmay_temple_entry_hall, nicolae_ossuary_entry_plus
D:6:      lemuel_round_altar, lemuel_zombie_altar_yredelemnul, minitemple,
          old_standard_altar
D:7:      nicolae_overflow_hidden_temple, the_bakery
D:8:      serial_shops, shop
D:9:      slow_altar_1, serial_shops, kennysheep_mini_moat,
          nicolae_shop_window_shopping, nicolae_shop_stone,
          kennysheep_little_box, shop, hangedman_decor_lopped
D:10:     david_orc_5, basic_altar
D:11:     lair_0_dummy, lightli_bailey_entry_fortress
D:12:     lemuel_bear_cage, serial_shops, shop_coins, minivault_25
D:13:     portal_ice_cave_entry_ice_beasts, serial_shops, shop_fountains,
          shop_statue, shop_fountains, shop, lemuel_oklob_altar, uniq_azrael
D:14:     david_vaults_5, patterned_corridor, uniq_maud
D:15:     hangedman_depths_entry_civil_slaughter, serial_shops, shop, uniq_kirke
Temple:   bh_familiar_temple
Lair:1:   hibernation_bobbens
Lair:2:   grunt_megastairs_2, bh_autumn_forest_stairs
Lair:3:   dummy_snake_entry, grunt_forest_stairs_basic, st_stairs_6,
          serial_bayou_shore_b
Lair:4:   minmay_lair_drake_nest
Lair:5:   lab_entry_generic, guppyfry_lair_drakes, lemuel_fruit_tree,
          infiniplex_staircase_pool
Lair:6:   minmay_swamp_entry_worms, infiniplex_staircase_pool_2
Lair:7:   slime_altar_2, special_room, lookout_lair_type
Lair:8:   wormcave, grunt_megastairs_1
Swamp:1:  hangedman_swamp_cone
Swamp:2:  cheibrodos_swamp_mausoleum, evilmike_swamp_ruin_house_6, uniq_frances
Swamp:3:  evilmike_swamp_ruin_house_4
Swamp:4:  swamp_pestilence
Snake:1:  nicolae_snake_single_loop, spider_trap
Snake:2:  st_stairs_3, spider_trap, basic_stair_grate_trap, uniq_aizul,
          uniq_vashnia
Snake:3:  serial_shops, shop, basic_altar, uniq_agnes
Snake:4:  grunt_snake_rune_serpentine_throne, serial_bayou_shore_b
Orc:1:    basic_altar
Orc:2:    pubby_orc_utopia, serial_shops, uniq_snorg
Vaults:1: vaults_standard_mumra_x, hangedman_vaults_stitches, v_misc_11,
          vaults_mumra_hexcomb, hangedman_vaults_capsules,
          nicolae_vaults_little_squares_3, hangedman_vaults_stretched_pinwheel,
          dpeg_vaults_monster_row, nicolae_vaults_little_squares_3, v_misc_8,
          st_cells, serial_shops, bzr_entry_islet
Vaults:2: hangedman_vaults_unwind, vaults_room_hallway, hangedman_vaults_corner,
          nicolae_vaults_little_squares_2, v_misc_18, vaults_room_pools,
          ontoclasm_vaults_pinch, v_misc_17, ontoclasm_vaults_decontamination,
          vaults_standard_mumra_lines, serial_shops, shop
Vaults:3: v_rooms_5, vaults_standard_mumra_enter_the_diamond, v_misc_15,
          v_misc_3, v_alt_pattern_1, minmay_crypt_entry_simple_sparse,
          st_spiral_rooms, uniq_wiglaf
Vaults:4: ontoclasm_vaults_ring_square, nicolae_vaults_what_the_h,
          hangedman_vaults_nails, ontoclasm_vaults_ring_small,
          nicolae_vaults_branching_niches, nicolae_vaults_ring_of_whatevers,
          ontoclasm_vaults_ring_large, nicolae_vaults_ring_of_whatevers,
          v_misc_26, ontoclasm_vaults_claustrophobia,
          hangedman_vaults_corner_blocks, nicolae_vaults_asterisk,
          vaults_room_corners, uniq_donald, uniq_mennas
Vaults:5: serial_shops
Depths:1: pan_entry, hangedman_abyss_or_decor_passed, abyss_entry,
          grunt_hell_entry_dis_old, kennysheep_doodads,
          minmay_misc_feat_pillars, minmay_item_behind_shaft, kennysheep_nub,
          minmay_misc_feat_nine_boxes, serial_sigils_hangedman_gut,
          minmay_stone_trees_small, roderic_filled_cross,
          nrook_kobold_shadow_demons, uniq_mara, uniq_asterion, uniq_enchantress
Depths:2: hangedman_slaughterboxes, hell_entry
Depths:3: minmay_strange_plus, enter_ziggurat_d, rand_demon_pan_entry_1,
          hell_entry, infiniplex_staircase_star, serial_bayou_shore_b, uniq_jory
Depths:4: minmay_haunted_quarter, grunt_mini_vestibule, abyss_entry,
          uniq_margery
Depths:5: grunt_zot_entry_alcove, corexii_corridor_pit, rand_demon_pan_entry_8,
          hangedman_coc_ice_floe, basic_stair_grate_trap
Zot:4:    grunt_zot_stairs_mandelzot, st_stairs_10
Zot:5:    hangedman_zot_decor_slant
Lab:      labyrinth_green, labyrinth_skeletal_remains
Bazaar:   bazaar_jpeg_circle_rare_5
Ossuary:  ossuary_tomb_2
Bailey:   bailey_axe_2, bailey
IceCv:    ice_cave_small_giant

Skill      XL: |  1  2  3  4  5  6  7  8  9 10 11 12 13 14 15 16 17 18 19 20 21 22 23 24 25 26 |
---------------+-------------------------------------------------------------------------------+-----
Spellcasting   | 2 3 4 5 6 7 11 12 13 14 16 17 18 19 20 21 | 21.5
Earth Magic    | 5 6 7 9 11 14 16 19 21 23 25 27 | 27.0
Conjurations   | 2 |  2.7
Staves         | 7 11 12 | 12.4
Evocations     | 7 10 11 | 11.8
Fighting       | 5 8 10 11 12 14 15 16 17 18 | 18.9
Armour         | 2 6 10 14 17 20 | 20.9
Shields        | 1 10 15 | 15.0
Necromancy     | 3 8 |  8.8
Dodging        | |  2.1
Stealth        | |  2.4
Transmutations | |  0.8

Action                   |  1- 3 |  4- 6 |  7- 9 | 10-12 | 13-15 | 16-18 | 19-21 | 22-24 | 25-27 || total
-------------------------+-------+-------+-------+-------+-------+-------+-------+-------+-------++-------
Melee: Unarmed           |     6 |       |       |       |       |       |       |       |       ||     6
       Dagger            |       |       |    15 |       |       |       |       |       |       ||    15
       Whip              |       |       |    55 |    24 |    11 |       |       |       |       ||    90
       Staff             |       |       |       |       |   605 |   373 |   514 |  1174 |   733 ||  3399
 Fire: Blowgun           |       |       |    15 |       |       |       |       |       |       ||    15
Throw: Stone             |       |       |     4 |       |       |       |       |       |       ||     4
       Throwing net      |       |       |       |     1 |     1 |       |       |       |       ||     2
 Cast: Sandblast         |    77 |    55 |   124 |   126 |     5 |       |       |       |       ||   387
       Stone Arrow       |       |       |    94 |   147 |   372 |    88 |    18 |       |       ||   719
       Lee's Rapid Decon |       |       |       |    83 |   216 |   114 |    39 |     5 |     3 ||   460
       Shatter           |       |       |       |       |    13 |    78 |   115 |   106 |    65 ||   377
       Blink             |       |       |       |       |       |       |     1 |       |       ||     1
       Iron Shot         |       |       |       |       |       |       |     3 |     5 |    95 ||   103
       Sublimation of Bl |       |       |       |       |       |       |     1 |       |       ||     1
       Repel Missiles    |       |       |       |       |       |       |       |     3 |     3 ||     6
Evoke: Deck              |     1 |       |     2 |       |     6 |     5 |       |       |       ||    14
       Wand              |       |     2 |     3 |       |     7 |     5 |     3 |     3 |    14 ||    37
  Use: Potion            |     3 |     2 |    13 |     4 |     6 |    20 |    17 |     4 |    10 ||    79
       Scroll            |       |       |    13 |    14 |    11 |     6 |     6 |    15 |    13 ||    78
 Stab: Distracted        |       |       |       |       |     1 |     2 |     2 |     1 |     1 ||     7
       Sleeping          |       |       |       |       |       |     1 |     2 |     1 |     1 ||     5
  Eat: Chunk             |     4 |     3 |    14 |    26 |    58 |    21 |    40 |    31 |     7 ||   204
       Bread ration      |       |       |     1 |     4 |     5 |     7 |       |       |     6 ||    23
       Beef jerky        |       |       |       |     1 |       |       |       |       |       ||     1
       Fruit             |       |       |       |       |     5 |     3 |     1 |     2 |       ||    11
       Meat ration       |       |       |       |       |       |     5 |     8 |     7 |     1 ||    21
